 Dungeon Crawl Stone Soup version 0.27-a0-1202-ge72e49191c (webtiles) character file.

Game seed: 17671904783288296113

257 27snakeeyes612 the Poker (level 6, -15/85 HPs)
             Began as a Naga Berserker on June 2, 2021.
             Was a Priest of Trog.
             Demolished by an ogre
             ... wielding a +0 giant club
              (28 damage)
             ... on level 4 of the Dungeon.
             The game lasted 00:02:12 (3469 turns).

27snakeeyes612 the Poker (Naga Berserker)           Turns: 3469, Time: 00:02:13

Health: -15/85     AC:  8    Str: 21    XL:     6   Next: 16%
Magic:  6/6        EV:  2    Int:  7    God:    Trog [***...]
Gold:   158        SH:  8    Dex: 11    Spells: 5/5 levels left

rFire    . . .     SeeInvis +   a - +0 spear
rCold    . . .     Faith    +   f - +0 kite shield
rNeg     . . .     Spirit   .   l - +0 plate armour
rPois    +         Reflect  .   (no helmet)
rElec    .         Harm     .   (no cloak)
rCorr    .         Rampage  .   (no gloves)
Will     .....                  (no barding)
Stlth    ..........             k - amulet of faith
HPRegen  0.24/turn              (no ring)
MPRegen  0.10/turn              (no ring)

@: berserking, quick
A: AC +2, large, see invisible, deformed body, poison resistance, slowness 2,
spit poison 1, naga tail 1
a: Spit Poison, Renounce Religion, Berserk, Trog's Hand


You were on level 4 of the Dungeon.
You worshipped Trog.
Trog was most pleased with you.
You visited 1 branch of the dungeon, and saw 4 of its levels.

You collected 158 gold pieces.

Inventory:

Hand Weapons
 a - a +0 spear (weapon)
Armour
 b - a +0 animal skin
 f - a +0 kite shield (worn)
 l - a +0 plate armour (worn)
Jewellery
 k - an amulet of faith (around neck)
Scrolls
 e - a scroll of identify
 i - 3 scrolls of teleportation
 n - 2 scrolls of noise
Potions
 c - a potion of lignification
 d - a potion of degeneration
 j - a potion of heal wounds {unknown}
 m - a potion of brilliance {unknown}
 o - 2 potions of flight {unknown}


   Skills:
 + Level 4.0 Fighting
 + Level 4.8 Polearms
 + Level 2.3 Armour
 + Level 2.0 Dodging
 + Level 1.5 Stealth
 + Level 1.4 Shields


You had 5 spell levels left.
You didn't know any spells.
Your spell library was empty.

Dungeon Overview and Level Annotations

Branches:
Dungeon (4/15)
 Temple: D:4-7

Altars:
Qazlal

Shops:
D:3 ?   D:4 *

Annotations:
D:3 2 transporters


Innate Abilities, Weirdness & Mutations

Your serpentine skin is tough. (AC +2)
You have supernaturally acute eyesight. (SInv)
Armour fits poorly on your strangely shaped body.
Your system is resistant to poisons. (rPois)
You cover ground very slowly.
You can spit poison.
You have a snake-like lower body.


Message History

Found Asau's General Store.
An ogre comes into view. It is wielding a +0 giant club.
The ogre shouts!
An ogre is nearby!
You see here a scroll labelled COIGGUVACVA.
You hit the ogre.
The ogre is lightly wounded.
The ogre hits you with a +0 giant club!
Your shield and plate armour prevent you from hitting the ogre.
The ogre is lightly wounded.
The ogre hits you with a +0 giant club!
You hit the ogre but do no damage.
The ogre is lightly wounded.
You closely miss the ogre.
The ogre is lightly wounded.
The ogre hits you with a +0 giant club!
You are too injured to fight recklessly!
You are too injured to fight recklessly!
You are too injured to fight recklessly!
You are too injured to fight recklessly!
You are too injured to fight recklessly!
You are too injured to fight recklessly!
You are too injured to fight recklessly!
You are too injured to fight recklessly!
You are too injured to fight recklessly!
You are too injured to fight recklessly!
You are too injured to fight recklessly!
You are too injured to fight recklessly!
A red film seems to cover your vision as you go berserk!
You feel yourself moving faster!
You feel mighty! You block the ogre's attack.
You puncture the ogre!
The ogre is heavily wounded.
The ogre hits you with a +0 giant club!
* * * LOW HITPOINT WARNING * * *
You hit the ogre.
The ogre is severely wounded.
You barely miss the ogre.
The ogre is severely wounded.
The ogre hits you with a +0 giant club!!
You die...

###### #....#
#....# #....#
#....# #....#
#...O# +..∩@+
#...?#
#....#########
#....#........
#....#........
#....#........
+.............
######........
#........


You could see an ogre.

Vanquished Creatures
  An ogre (D:4)
  A hound (D:4)
  Jessica (D:2)
  4 adders
  A worm (D:2)
  7 dart slugs
  An orc (D:3)
  9 ball pythons
  6 bats
  4 endoplasms
  2 giant cockroaches
  8 goblins
  6 hobgoblins
  A kobold (D:2)
  3 quokkas
  2 frilled lizards
  4 rats
61 creatures vanquished.

Vanquished Creatures (others)
  6 plants (D:3)
6 creatures vanquished.

Grand Total: 67 creatures vanquished

Notes
Turn   | Place    | Note
-------+----------+-------------------------------------------
     0 | D:1      | 27snakeeyes612 the Naga Berserker began the quest for the
                  | Orb.
     0 | D:1      | Reached XP level 1. HP: 21/21 MP: 1/1
   184 | D:1      | Reached XP level 2. HP: 24/28 MP: 2/2
   903 | D:1      | Reached XP level 3. HP: 34/34 MP: 3/3
  1207 | D:2      | Reached ** piety under Trog
  1226 | D:2      | Noticed Jessica
  1246 | D:2      | Killed Jessica
  1247 | D:2      | Reached XP level 4. HP: 29/44 MP: 4/4
  1441 | D:2      | Reached skill level 1 in Stealth
  2477 | D:3      | Reached XP level 5. HP: 49/50 MP: 5/5
  2548 | D:3      | Found a transporter.
  2631 | D:3      | Found a transporter.
  2657 | D:3      | Found a stormy altar of Qazlal.
  2980 | D:3      | Found Seti's Magic Scroll Shoppe.
  3151 | D:4      | Noticed an ogre
  3158 | D:4      | Reached *** piety under Trog
  3167 | D:4      | Killed an ogre
  3168 | D:4      | Reached skill level 1 in Shields
  3168 | D:4      | Reached XP level 6. HP: 12/57 MP: 6/6
  3455 | D:4      | Found Asau's General Store.
  3469 | D:4      | Demolished by an ogre

Illustrated notes

Levels and vault maps discovered:
D:1:      nagdon_arrival_zigzag_paths, layout_loops_ring
D:2:      layout_basic, uniq_jessica
D:3:      layout_loops_ring, grunt_qazlal_sundering,
          gammafunk_ghost_gnarly_gnolls, serial_shops, shop_scrolls
D:4:      layout_basic, nicolae_overflow_crystal_walls, kennysheep_mini,
          zin_academy, serial_shops, shop

Skill      XL: |  1  2  3  4  5 |
---------------+----------------+-----
Dodging        | 2 |  2.0
Stealth        | 1 |  1.5
Polearms       | 4 |  4.8
Armour         | 2 |  2.3
Fighting       | 4 |  4.0
Shields        | 1 |  1.4

Action                   |  1- 3 |  4- 6 || total
-------------------------+-------+-------++-------
Melee: Spear             |    81 |   153 ||   234
Invok: Berserk           |       |     3 ||     3
  Use: Scroll            |       |     7 ||     7
 Stab: Sleeping          |     2 |       ||     2
Armor: Animal skin       |     8 |     4 ||    12
       Plate armour      |       |    68 ||    68
Dodge: Dodged            |    21 |    12 ||    33
Block: Kite shield       |    14 |    56 ||    70

Table legend: (Time is in decaauts)
 A = Elapsed time spent in this place.
 B = Non-inter-level travel time spent in this place.
 C = Inter-level travel time spent in this place.
 D = Time resting spent in this place.
 E = Time spent auto-exploring this place.
 F = Levels seen in this place.
 G = Mean time per level.
                   A        B        C        D        E       F      G
               +--------+--------+--------+--------+--------+-----+--------+
         Total |   4251 |   4150 |    101 |    306 |   3336 |   4 | 1062.8 |
       Dungeon |   4251 |   4150 |    101 |    306 |   3336 |   4 | 1062.8 |
               +--------+--------+--------+--------+--------+-----+--------+

Top non-repeatable levels by time:
     D:2: 1510 daAuts
     D:1: 1401 daAuts
     D:3: 943 daAuts
     D:4: 396 daAuts
